 Dungeon Crawl Stone Soup version 0.32-a0-918-g0f22ef8d61 (webtiles) character file.

Game seed: 4532339239642078714

3751 whatisthis the Toxicologist (level 10, -15/62 (63) HPs)
             Began as a Barachi Alchemist on Apr 11, 2024.
             Was a Follower of Sif Muna.
             Killed from afar by an efreet (18 damage)
             ... with a bolt of fire
             ... on level 7 of the Dungeon.
             The game lasted 00:22:03 (8807 turns).

whatisthis the Toxicologist (Barachi Alchemist)     Turns: 8807, Time: 00:22:04

HP:   -15/62 (63)   AC: 13    Str: 10    XL:     10   Next: 15%
MP:   20/22         EV: 10    Int: 19    God:    Sif Muna [*.....]
Gold: 963           SH:  0    Dex: 13    Spells: 16/26 levels left

rFire   . . .        w - +2 whip (elec)
rCold   . . .        (no shield)
rNeg    . . .        C - +0 acid dragon scales
rPois   .            (no helmet)
rElec   .            p - +1 cloak
rCorr   +            g - +1 pair of gloves
SInv    .            h - +2 pair of boots
Will    .....        (no amulet)
Stlth   +            k - ring of wizardry
HPRegen 0.30/turn    t - ring of flight
MPRegen 0.18/turn

%: wizardry (x1)
@: unable to hop, flying, lightly drained, slow
A: amphibious, slowness 1, strong legs 1, +LOS
a: Hop, Renounce Religion, Channel Magic


You were on level 7 of the Dungeon.
You worshipped Sif Muna.
Sif Muna was aware of your devotion.
You visited 2 branches of the dungeon, and saw 9 of its levels.

You collected 963 gold pieces.

Inventory:

Hand Weapons
 d - a +0 short sword
 f - a +3 mace
 w - a +2 whip of electrocution (weapon)
Missiles
 a - a curare-tipped dart
 i - 8 poisoned darts
Armour
 g - a +1 pair of gloves (worn)
 h - a +2 pair of boots (worn)
 p - a +1 cloak (worn)
 C - +0 acid dragon scales (worn)
Magical Staves
 n - a staff of cold
Jewellery
 k - a ring of wizardry (left hand)
 t - a ring of flight (right hand)
 A - an amulet of faith
Wands
 y - a wand of roots (4)
Scrolls
 c - 4 scrolls of teleportation
 e - 3 scrolls of enchant armour
 j - 2 scrolls of immolation
 l - a scroll of vulnerability
 s - 2 scrolls of poison
 x - 2 scrolls of fear {unknown}
 B - a scroll of blinking {unknown}
Potions
 b - 2 potions of brilliance {unknown}
 m - a potion of haste {unknown}
 o - a potion of curing {unknown}
 q - a potion of lignification {unknown}
 r - 2 potions of heal wounds {unknown}
 u - a potion of attraction {unknown}
 v - 2 potions of experience {unknown}


   Skills:
 - Level 2.1 Dodging
 - Level 1.7 Stealth
 + Level 8.7 Spellcasting
 + Level 9.0 Conjurations
 + Level 9.6 Alchemy


You had 16 spell levels left.
You knew the following spells:

 Your Spells              Type           Power      Damage    Failure   Level
a - Sting                 Conj/Alch      100%       1d9       1%          1
b - Mercury Vapours       Alch/Air       52%        N/A       1%          2
c - Mephitic Cloud        Conj/Alch/Air  31%        N/A       1%          3
d - Olgreb's Toxic Radia  Alch           44%        N/A       1%          4

Your spell library contained the following spells:

 Spells                   Type           Power      Damage    Failure   Level
 Kiss of Death            Conj/Necr      100%       2d13      1%          1
 Sticky Flame             Fire/Alch      26%        2d6       8%          4
 Ensorcelled Hibernation  Hex/Ice        16%        N/A       9%          2
 Confusing Touch          Hex            8%         N/A       16%         3
 Passwall                 Erth           8%         N/A       16%         3
 Swiftness                Air            8%         N/A       16%         3
 Dispel Undead            Necr           8%         3d8       45%         4


Dungeon Overview and Level Annotations

Branches:
Dungeon (8/15)             Temple (1/1) D:6
   Lair: D:8-11

Altars:
Ashenzari
Cheibriados
Dithmenos
Elyvilon
Hepliaklqana
Kikubaaqudgha
Makhleb
Nemelex Xobeh
Okawaru
Qazlal
Ru
Sif Muna
Uskayaw
Vehumet
Wu Jian
Xom
Yredelemnul
Zin
The Shining One

Shops:
D:2 (=(*   D:7 ?


Innate Abilities, Weirdness & Mutations

You are amphibious.
You cover ground slowly.
You can hop short distances.
You have an extended range of vision and can be seen from far away.


Message History

Press: ? - help, Shift-Dir - straight line, f - vampire mosquito
Aim: a vampire mosquito (heavily damaged, 53% to hit)
The bolt of dispelling energy hits the vampire mosquito!
The vampire mosquito is almost destroyed.
The now-empty wand crumbles to dust.
The vampire mosquito misses you.
The vampire mosquito bites you but does no damage.
Unknown command.
Aiming: Fastroot
Press: ? - help, Shift-Dir - straight line, f/p - vampire mosquito
Aim: a vampire mosquito (severely damaged)
The roots erupt in riotous growth!
Roots grab the vampire mosquito.
The grasping roots constrict the vampire mosquito.
The vampire mosquito bites you.
The vampire mosquito draws strength from your injuries!
The vampire mosquito closely misses you.
The grasping roots constrict the vampire mosquito!
You destroy the vampire mosquito!
Sif Muna accepts your kill.
Aiming: Sting (safe; 1% risk of failure)
Press: ? - help, Q - select action, (/) - cycle Shift-Dir - straight line, f - efreet
Aim: an efreet, wielding a +1 scimitar of flaming (flame, 92% to hit)
The sting hits the efreet but does no damage.
The efreet is poisoned.
The efreet gestures at you.
The fireball explodes!
The fireball engulfs you!!
* * * LOW HITPOINT WARNING * * *
Aiming: Sting (safe; 1% risk of failure)
Press: ? - help, Q - select action, (/) - cycle Shift-Dir - straight line, f/p - efreet
Aim: an efreet, wielding a +1 scimitar of flaming (flame, lightly wounded, poisoned, 92% to hit)
The sting hits the efreet but does no damage.
The efreet looks even sicker.
The efreet is lightly wounded.
Okay, then.
Hop to where?
Press: ? - help, Dir - move target, p - efreet Boing!
The efreet gestures at you. The bolt of fire hits you!!
You die...

#....# #..#...(.
#....# #......(.
#'#########
#........
#....#...ß#
#........
#....#....#
#.......#
#....#....#
#..#....#
#....'....#
####....#
######....#
#....## #.@..#
#...... #....#
#...... #.○..#
##...... #ß...#
###.......
#####'########R#
#.........
#.........#..°$#
#.........
#.........#..○†#
#.........
#.........#.○..#
#.........
#.........#.○).#
#.........


You could see an efreet (very poisoned).

Vanquished Creatures
  A boulder beetle (D:7)
  A wyvern (D:6)
  A yak (D:7)
  A steam dragon (D:7)
  2 vampire mosquitoes (D:7)
  An acid dragon (D:8)
  2 water moccasins
  A black bear (D:7)
  An orc warrior (D:8)
  2 sky beasts (D:7)
  2 ice beasts
  3 ogres
  2 centaurs (D:7)
  Blork the orc (D:4)
  2 bullfrogs (D:7)
  2 kobold brigands (D:7)
  A scorpion (D:6)
  7 wights
  A howler monkey (D:6)
  2 hounds
  An orc priest (D:7)
  A gnoll bouda (D:4)
  Jessica (D:2)
  2 iguanas
  A sleepcap (D:6)
  4 orc wizards
  3 adders
  4 gnolls
  4 ufetubi
  2 dart slugs (D:2)
  2 ribbon worms
  20 orcs
  4 endoplasms
  3 giant cockroaches
  10 hobgoblins
  2 jackals (D:2)
  3 quokkas
  4 ball pythons
  2 bats (D:2)
  3 frilled lizards
  4 goblins
  11 kobolds
  5 rats
132 creatures vanquished.

Notes
Turn   | Place    | Note
-------+----------+-------------------------------------------
     0 | D:1      | whatisthis the Barachi Alchemist began the quest for the
                  | Orb.
     0 | D:1      | Reached XP level 1. HP: 13/13 MP: 3/3
   129 | D:1      | Reached XP level 2. HP: 13/19 MP: 0/5
   886 | D:2      | Noticed Jessica
   896 | D:2      | Killed Jessica
   897 | D:2      | Reached XP level 3. HP: 9/24 MP: 0/7
  1026 | D:2      | Reached XP level 4. HP: 30/30 MP: 8/8
  1029 | D:2      | Learned a level 2 spell: Mercury Vapours
  1072 | D:2      | Found Biuraixa's Antique Weapon Emporium.
  1207 | D:2      | Learned a level 3 spell: Mephitic Cloud
  1208 | D:2      | Found a faded altar of an unknown god.
  1275 | D:2      | Found Usulag's Jewellery Shop.
  1295 | D:2      | Found Umiosto's General Store.
  1629 | D:2      | Found Meofogof's Weapon Boutique.
  1746 | D:3      | Found an ancient bone altar of Kikubaaqudgha.
  1903 | D:3      | Reached XP level 5. HP: 34/35 MP: 3/10
  2095 | D:3      | Found a glowing golden altar of the Shining One.
  2677 | D:4      | Noticed Blork the orc
  2770 | D:4      | Killed Blork the orc
  2771 | D:4      | Reached XP level 6. HP: 12/41 MP: 9/11
  2948 | D:4      | Found a sacrificial altar of Ru.
  3232 | D:4      | Reached skill level 5 in Alchemy
  3781 | D:4      | Learned a level 4 spell: Olgreb's Toxic Radiance
  3784 | D:5      | Entered Level 5 of the Dungeon
  4077 | D:5      | Reached XP level 7. HP: 46/46 MP: 5/13
  4636 | D:6      | Reached skill level 5 in Spellcasting
  4834 | D:6      | Found a staircase to the Ecumenical Temple.
  4841 | Temple   | Entered the Ecumenical Temple
  4841 | Temple   | Noticed Ekkelu the pandemonium lord
  4841 | Temple   | Noticed Veydirgh Acyph the pandemonium lord
  4841 | Temple   | Noticed a Hell Sentinel
  4841 | Temple   | Noticed a reaper
  4841 | Temple   | Noticed Ranysih the pandemonium lord
  4841 | Temple   | Noticed Kufiwe the pandemonium lord
  4845 | Temple   | Noticed Laukizi the pandemonium lord
  4857 | Temple   | Became a worshipper of Sif Muna the Loreminder
  4899 | D:6      | Reached skill level 5 in Conjurations
  5288 | D:6      | Reached XP level 8. HP: 52/52 MP: 9/16
  5511 | D:6      | Noticed a wyvern
  6437 | D:7      | Found a basalt altar of Yredelemnul.
  6475 | D:7      | Found Qokkausk's Magic Scroll Boutique.
  6507 | D:7      | Reached * piety under Sif Muna
  6508 | D:7      | Reached XP level 9. HP: 51/57 MP: 11/19
  8664 | D:7      | Noticed a boulder beetle
  8676 | D:7      | Killed a boulder beetle
  8677 | D:7      | Reached XP level 10. HP: 35/63 MP: 10/22
  8805 | D:7      | HP: 2/62 [efreet/fireball (18)]
  8807 | D:7      | Killed from afar by an efreet

Illustrated notes

Levels and vault maps discovered:
D:1:      dpeg_arrival_oval, layout_loops_ring, serial_bayou_crossing
D:2:      layout_loops_ring, ebering_ecumenical_altar_box, serial_shops,
          nicolae_shop_bloodbath_and_beyond, nicolae_shop_pleasant_corner_grove,
          nicolae_shop_tiny_glass, shop, minmay_diced_spiral, uniq_jessica
D:3:      layout_loops_ring, mainiacjoe_overflow_small_starburst,
          mainiacjoe_overflow_paths, minmay_gold_behind_fungi,
          minmay_fractal_squares_gapless_5
D:4:      layout_basic, amcnicky_altar_gilded, uniq_blork_the_orc
D:5:      layout_basic, feat_on_display
D:6:      layout_loops_corners, minmay_temple_entry_statues_pillars
D:7:      minmay_klotski, layout_cave_pods, mainiacjoe_overflow_catwalk,
          serial_shops, shop
D:8:      layout_loops_ring, general_overflow_altar, david_lair_shrubbed
Temple:   nicolae_temple_panitentiary

Skill      XL: |  1  2  3  4  5  6  7  8  9 |
---------------+----------------------------+-----
Conjurations   | 2 3 4 5 6 9 |  9.0
Spellcasting   | 3 4 5 6 8 |  8.7
Alchemy        | 4 5 6 7 9 |  9.6
Dodging        | |  2.1
Stealth        | |  1.7

Action                     |  1- 3 |  4- 6 |  7- 9 | 10-12 || total
---------------------------+-------+-------+-------+-------++-------
  Melee: Short sword       |     4 |     1 |       |       ||     5
         Mace              |    38 |    70 |       |       ||   108
         Whip              |       |    32 |    94 |     3 ||   129
   Cast: Sting             |    18 |    47 |    70 |     2 ||   137
         Mephitic Cloud    |       |     8 |     6 |       ||    14
         Mercury Vapours   |       |     7 |     4 |       ||    11
         Olgreb's Toxic Ra |       |     2 |    26 |       ||    28
Ability: Hop               |       |       |       |     1 ||     1
  Evoke: Wand              |       |       |    11 |     4 ||    15
    Use: Potion            |       |     1 |       |       ||     1
         Scroll            |       |       |     6 |       ||     6
   Stab: Sleeping          |       |     2 |       |       ||     2
         Confused          |       |       |     1 |       ||     1
 Armour: Robe              |    33 |    70 |    95 |       ||   198
         Acid dragon scale |       |       |    20 |    17 ||    37
  Dodge: Dodged            |    35 |    56 |    65 |    11 ||   167

Table legend: (Time is in decaauts)
 A = Elapsed time spent in this place.
 B = Non-inter-level travel time spent in this place.
 C = Inter-level travel time spent in this place.
 D = Time resting spent in this place.
 E = Time spent auto-exploring this place.
 F = Levels seen in this place.
 G = Mean time per level.
                   A        B        C        D        E       F      G
               +--------+--------+--------+--------+--------+-----+--------+
         Total |   9877 |   9307 |    570 |   2449 |   4995 |   9 | 1097.4 |
       Dungeon |   9838 |   9286 |    552 |   2449 |   4995 |   8 | 1229.8 |
        Temple |     38 |     20 |     18 |      0 |      0 |   1 |   38.0 |
               +--------+--------+--------+--------+--------+-----+--------+

Top non-repeatable levels by time:
     D:7: 2302 daAuts
     D:6: 1492 daAuts
     D:3: 1253 daAuts
     D:4: 1097 daAuts
     D:1: 1026 daAuts
     D:2: 1004 daAuts
     D:5: 924 daAuts
     D:8: 737 daAuts
  Temple: 38 daAuts
